 Dungeon Crawl Stone Soup version 0.30.1-9-gdf580d7c3d (webtiles) character file.

Game seed: 17151864480673305723

6993 safid the Frost Mage (level 11, -3/87 HPs)
             Began as a Merfolk Ice Elementalist on Sept 29, 2023.
             Was a Believer of Vehumet.
             Slain by Snorg (6 damage)
             ... on level 10 of the Dungeon.
             The game lasted 00:17:10 (9647 turns).

safid the Frost Mage (Merfolk Ice Elementalist)     Turns: 9647, Time: 00:17:11

Health: -3/87      AC: 16    Str:  8    XL:     11   Next: 8%
Magic:  14/22      EV: 21    Int: 19    God:    Vehumet [**....]
Gold:   363        SH:  0    Dex: 15    Spells: 9/24 levels left

rFire   . . .        A - +7 staff of the Meek {protect, meekguard}
rCold   . . .        (shield currently unavailable)
rNeg    + . .        f - +1 robe {rN+}
rPois   .            m - +0 helmet
rElec   .            G - +0 cloak
rCorr   .            J - +1 pair of gloves
SInv    .            k - +0 pair of boots
Will    .....        (no amulet)
Stlth   ++           p - ring of flight
HPRegen 0.34/turn    E - +5 ring of evasion
MPRegen 0.18/turn

%: no passive effects
@: ice-armoured, freezing walls, flying
A: (nimble swimmer 2), mertail
a: Renounce Religion


You were on level 10 of the Dungeon.
You worshipped Vehumet.
Vehumet was pleased with you.
You visited 1 branch of the dungeon, and saw 10 of its levels.

You collected 507 gold pieces.
You spent 144 gold pieces at shops.

Inventory:

Hand Weapons
 A - the +7 staff of the Meek (weapon) {protect, meekguard}
   (You found it on level 5 of the Dungeon)
Missiles
 C - 3 throwing nets
Armour
 f - a +1 robe of positive energy (worn)
 k - a +0 pair of boots (worn)
 m - a +0 helmet (worn)
 G - a +0 cloak (worn)
 J - a +1 pair of gloves (worn)
Jewellery
 p - a ring of flight (left hand)
 E - a +5 ring of evasion (right hand)
Wands
 r - a wand of iceblast (4)
 F - a wand of paralysis (6)
Scrolls
 d - 2 scrolls of magic mapping
 g - 4 scrolls of teleportation
 h - 3 scrolls of fog
 j - a scroll of fear
 o - 3 scrolls of enchant weapon
 s - a scroll of enchant armour
 y - a scroll of summoning
Potions
 b - a potion of magic
 c - 6 potions of curing
 e - a potion of attraction {unknown}
 l - 3 potions of brilliance
 n - 2 potions of berserk rage
 q - a potion of haste {unknown}
 u - a potion of heal wounds {unknown}
 v - a potion of cancellation {unknown}
 w - a potion of resistance {unknown}
 x - a potion of flight {unknown}
 z - a potion of ambrosia {unknown}
 D - a potion of lignification {unknown}
 H - a potion of invisibility {unknown}
 I - a potion of might {unknown}


   Skills:
 + Level 8.6 Fighting
 - Level 8.0 Dodging
 - Level 2.1 Stealth
 + Level 7.4 Spellcasting
 + Level 4.7 Conjurations
 + Level 9.8 Ice Magic
 - Level 4.0 Air Magic


You had 9 spell levels left.
You knew the following spells:

 Your Spells              Type           Power      Damage    Failure   Level
a - Freeze                Ice            100%       1d10      1%          1
b - Frozen Ramparts       Ice            88%        1d14      1%          3
c - Ozocubu's Armour      Ice            44%        N/A       1%          3
d - Hailstorm             Conj/Ice       34%        3d9       1%          3
e - Freezing Cloud        Conj/Ice/Air   15%        6-21      22%         5

Your spell library contained the following spells:

 Spells                   Type           Power      Damage    Failure   Level
 Poisonous Vapours        Pois/Air       28%        N/A       6%          2
 Ensorcelled Hibernation  Hex/Ice        50%        N/A       1%          2
 Swiftness                Air            22%        N/A       5%          3
 Cigotuvi's Dreadful Rot  Necr/Pois/Air  24%        N/A       9%          2
 Ice Form                 Ice/Tmut       25%        N/A       13%         4
 Summon Ice Beast         Ice/Summ       25%        N/A       13%         4
 Passwall                 Tmut/Erth      5%         N/A       14%         2
 Leda's Liquefaction      Hex/Erth       3%         N/A       67%         4
 Simulacrum               Ice/Necr       12%        N/A       89%         6


Dungeon Overview and Level Annotations

Branches:
Dungeon (10/15)            Temple (0/1) D:5
   Lair: D:8-11         Orc: D:9-12

Altars:
Ashenzari
Cheibriados
Dithmenos
Fedhas
Hepliaklqana
Makhleb
Okawaru
Qazlal
Sif Muna
Vehumet
Wu Jian
Zin

Shops:
D:5 :[   D:9 [

Annotations:
D:4 1 runed translucent door, Crazy Yiuf
D:10 Snorg


Innate Abilities, Weirdness & Mutations

((You are very nimble when in or above water. (Stealth+, EV+, Speed+++)))
Your lower body shifts to a powerful aquatic tail in water.


Message History

Press: ? - help, Shift-Dir - straight line, f/p - Snorg
Aim: Snorg (severely wounded, berserk)
You freeze Snorg.
Snorg is severely wounded.
The frozen ramparts melt away.
Snorg completely misses you. Snorg claws you!
Snorg claws you but does no damage. Snorg bites you but does no damage.
Snorg closely misses you. Snorg completely misses you.
Casting: Freeze (safe; 1% risk of failure)
Confirm with . or Enter, or press ? or * to list all spells.
Casting: Frozen Ramparts (safe; 1% risk of failure)
Press: ? - help, Dir - look around, f - activate The walls around you are covered in ice.
The wall freezes Snorg!
Snorg bites you! Snorg claws you.
* * * LOW HITPOINT WARNING * * *
Snorg closely misses you.
Unknown command.
Casting: Frozen Ramparts (safe; 1% risk of failure)
Confirm with . or Enter, or press ? or * to list all spells.
Aiming: Freeze (safe; 1% risk of failure)
Press: ? - help, Shift-Dir - straight line, f - Snorg
Aim: Snorg (severely wounded, berserk)
You freeze Snorg.
Snorg is severely wounded.
The wall freezes Snorg.
Snorg bites you.
* * * LOW HITPOINT WARNING * * *
Snorg claws you!
* * * LOW HITPOINT WARNING * * *
Snorg misses you.
The wall freezes Snorg!
Snorg bites you but does no damage. Snorg barely misses you. Snorg claws you.
* * * LOW HITPOINT WARNING * * *
Unknown command.
Casting: Freeze (safe; 1% risk of failure)
Confirm with . or Enter, or press ? or * to list all spells.
Aiming: Freeze (safe; 1% risk of failure)
Press: ? - help, Shift-Dir - straight line, f/p - Snorg
Aim: Snorg (severely wounded, berserk)
You freeze Snorg.
Snorg is severely wounded.
The wall freezes Snorg!
Snorg bites you but does no damage. Snorg claws you.
You die...

#....#
#....#
#....#
#....#
#.... )))
#T# #@##
#..# ##.#
###+######
#.##
#........#
#..#
#........#
##.#
#........#
#.#
#........#
#.#
#........#
#.#
#........#


You could see Snorg (berserk).

Vanquished Creatures
  Erolcha (D:10)
  Pikel (D:4)
  An ugly thing (D:7)
  Maurice (D:9)
  A troll (D:7)
  Grinder (D:6)
  Prince Ribbit (D:8)
  2 hornets
  3 wraiths
  A steam dragon (D:8)
  Menkaure (D:7)
  2 water moccasins
  A sky beast (D:4)
  6 orc warriors
  3 black bears
  An ogre (D:7)
  2 centaurs
  A phantom (D:7)
  2 lemures (D:4)
  A kobold brigand (D:10)
  A bullfrog (D:8)
  Blork the orc (D:5)
  2 scorpions
  2 gnoll sergeants
  A wight (D:7)
  15 killer bees (D:9)
  6 hounds
  6 orc priests
  A gnoll bouda (D:5)
  Ijyb (D:4)
  4 iguanas
  7 orc wizards
  Robin (D:2)
  7 gnolls
  5 adders
  2 shadow imps (D:7)
  A white imp (D:8)
  3 ufetubi
  A worm (D:3)
  A dart slug (D:2)
  30 orcs
  5 endoplasms
  A giant cockroach (D:2)
  10 goblins
  10 hobgoblins
  3 jackals (D:1)
  3 quokkas
  5 ball pythons
  5 bats
  3 frilled lizards
  11 kobolds
  3 rats
190 creatures vanquished.

Notes
Turn   | Place    | Note
-------+----------+-------------------------------------------
     0 | D:1      | safid the Merfolk Ice Elementalist began the quest for the
                  | Orb.
     0 | D:1      | Reached XP level 1. HP: 13/13 MP: 3/3
   362 | D:1      | Reached XP level 2. HP: 20/20 MP: 3/5
   398 | D:1      | Reached skill level 1 in Fighting
   787 | D:1      | Reached XP level 3. HP: 25/26 MP: 6/6
  1494 | D:2      | Noticed Robin
  1507 | D:2      | Killed Robin
  1517 | D:2      | Reached skill level 5 in Ice Magic
  1517 | D:2      | Reached XP level 4. HP: 9/33 MP: 0/8
  1982 | D:2      | Found an ornate altar of the Wu Jian Council.
  2363 | D:3      | You fall into a shaft and drop 1 floor!
  2366 | D:4      | Noticed a sky beast
  2384 | D:4      | Killed a sky beast
  2385 | D:4      | Reached XP level 5. HP: 22/41 MP: 1/10
  2389 | D:4      | Learned a level 3 spell: Frozen Ramparts
  2393 | D:4      | Learned a level 3 spell: Ozocubu's Armour
  2487 | D:4      | Noticed Ijyb
  2505 | D:4      | Killed Ijyb
  2506 | D:4      | Reached XP level 6. HP: 42/47 MP: 1/11
  2746 | D:3      | Found an iron altar of Okawaru.
  2805 | D:3      | Found a radiant altar of Vehumet.
  2807 | D:3      | Found a shadowy altar of Dithmenos.
  2807 | D:3      | Found a blossoming altar of Fedhas.
  2810 | D:3      | Found a shimmering blue altar of Sif Muna.
  2820 | D:3      | Became a worshipper of Vehumet
  2913 | D:3      | Found a hazy altar of Hepliaklqana.
  3063 | D:4      | Noticed Pikel
  3087 | D:4      | Killed Pikel
  3088 | D:4      | Reached skill level 6 in Ice Magic
  3088 | D:4      | Reached XP level 7. HP: 17/55 MP: 0/14
  3301 | D:4      | Reached skill level 5 in Fighting
  3301 | D:4      | Reached skill level 7 in Ice Magic
  3376 | D:4      | Reached skill level 5 in Spellcasting
  3376 | D:4      | Reached XP level 8. HP: 51/62 MP: 9/15
  3598 | D:4      | Found a runed translucent door.
  3599 | D:4      | Noticed Crazy Yiuf
  3646 | D:5      | Entered Level 5 of the Dungeon
  3662 | D:5      | Found a staircase to the Ecumenical Temple.
  3695 | D:5      | Noticed Blork the orc
  3706 | D:5      | Killed Blork the orc
  3990 | D:5      | Found Tuonuo's Tiny Tomes.
  3995 | D:5      | Bought Wenyrchut's Secrets of Cold for 144 gold pieces
  4001 | D:5      | Learned a level 5 spell: Freezing Cloud
  4225 | D:5      | Reached skill level 1 in Conjurations
  4225 | D:5      | Reached skill level 1 in Air Magic
  4469 | D:5      | Found the +7 staff of the Meek {protect, meekguard}
  4507 | D:5      | Found Misadd's Antique Armour Emporium.
  4516 | D:5      | Noticed a hornet
  4529 | D:5      | Paralysed by a hornet for 1 turns
  4533 | D:5      | Killed a hornet
  4879 | D:6      | Reached XP level 9. HP: 69/69 MP: 10/17
  4887 | D:6      | Reached * piety under Vehumet
  4887 | D:6      | Offered knowledge of Kiss of Death by Vehumet.
  5126 | D:6      | Found a broken altar of Ashenzari.
  5126 | D:6      | Found a burning altar of Makhleb.
  5130 | D:6      | Found a glowing silver altar of Zin.
  5130 | D:6      | Found a stormy altar of Qazlal.
  5151 | D:6      | Reached skill level 5 in Dodging
  5322 | D:6      | Noticed Grinder
  5347 | D:6      | Killed Grinder
  5348 | D:6      | Reached skill level 8 in Ice Magic
  5742 | D:7      | Noticed a red ugly thing
  5742 | D:7      | Noticed a troll
  5750 | D:7      | Killed a red ugly thing
  5753 | D:7      | Killed a troll
  5909 | D:7      | Reached XP level 10. HP: 79/79 MP: 15/19
  6010 | D:7      | Noticed Menkaure
  6016 | D:7      | Killed Menkaure
  6557 | D:7      | Offered knowledge of Static Discharge by Vehumet.
  6631 | D:7      | Reached ** piety under Vehumet
  7138 | D:8      | Got the Annotations on the Enthralling Hornet
  7209 | D:8      | Reached skill level 9 in Ice Magic
  7403 | D:8      | HP: 3/80 [steam dragon] (5)]
  7630 | D:8      | Noticed Prince Ribbit
  7657 | D:8      | Killed Prince Ribbit
  8547 | D:9      | Noticed Maurice
  8554 | D:9      | Killed Maurice
  8780 | D:9      | Offered knowledge of Poisonous Vapours by Vehumet.
  9101 | D:9      | Identified a scroll of acquirement
  9111 | D:9      | Acquired a book of the Tundra
  9117 | D:9      | Learned a level 3 spell: Hailstorm
  9219 | D:9      | Found a snail-covered altar of Cheibriados.
  9219 | D:9      | Found Cheibriados's Comfort Zone.
  9345 | D:10     | Entered Level 10 of the Dungeon
  9417 | D:10     | Noticed Erolcha
  9425 | D:10     | Killed Erolcha
  9426 | D:10     | Reached XP level 11. HP: 29/87 MP: 5/22
  9632 | D:10     | Noticed Snorg
  9646 | D:10     | HP: 3/87 [Snorg (2)]
  9647 | D:10     | Slain by Snorg

Illustrated notes

Levels and vault maps discovered:
D:1:      shiori_arrival_whats_in_store_for_you, layout_loops_corners,
          chequers_serial_rivers_micro_e, minivault_27
D:2:      minmay_skewed_foursquare, layout_basic, serial_glass, glass_columns_a,
          glass_columns_a, basic_altar, uniq_robin
D:3:      layout_rooms, chequers_temple_overflow_statue_of_worship,
          mainiacjoe_overflow_24_doors, nzn_hepliaklqana_mist_gate,
          nicolae_underground_beach
D:4:      layout_cave_pools, uniq_pikel, uniq_crazy_yiuf_cottage, uniq_ijyb
D:5:      black_bear_nest_1, layout_loops_ring, minmay_temple_entry_mini_moons,
          serial_shops, nicolae_shop_waterfront,
          nicolae_shop_i_like_small_books_too, pf_guarded_unrand_meek,
          uniq_blork_the_orc
D:6:      layout_rooms, grunt_temple_overflow_open, uniq_grinder
D:7:      layout_gridville, nicolae_concentric_dashed_squares_mild,
          minmay_shattered_shrine, uniq_menkaure
D:8:      layout_basic, uniq_prince_ribbit1
D:9:      layout_basic, chequers_serial_rivers_micro_c, minmay_shop_chei,
          uniq_maurice
D:10:     layout_roguey, bloody_trog, david_lair_shrubbed, uniq_erolcha,
          uniq_snorg

Skill      XL: |  1  2  3  4  5  6  7  8  9 10 |
---------------+-------------------------------+-----
Fighting       | 1 2 3 4 5 6 7 8 |  8.6
Ice Magic      | 5 6 7 8 9 |  9.8
Spellcasting   | 3 4 5 6 7 |  7.4
Dodging        | 3 4 6 8 |  8.0
Conjurations   | 1 3 4 |  4.7
Air Magic      | 1 3 4 |  4.0
Stealth        | |  2.1

Action                     |  1- 3 |  4- 6 |  7- 9 | 10-12 || total
---------------------------+-------+-------+-------+-------++-------
  Melee: Dagger            |    15 |       |       |       ||    15
         Unarmed           |     1 |       |       |       ||     1
         Quarterstaff      |    53 |    70 |    74 |    85 ||   282
         Whip              |       |       |    57 |       ||    57
         Punch             |       |       |     1 |       ||     1
   Cast: Freeze            |    15 |    17 |     4 |     6 ||    42
         Frozen Ramparts   |       |     5 |    29 |    29 ||    63
         Ozocubu's Armour  |       |     3 |    20 |    23 ||    46
         Freezing Cloud    |       |       |     1 |     4 ||     5
    Use: Potion            |     1 |     1 |       |     1 ||     3
         Scroll            |       |       |     6 |    10 ||    16
   Stab: Sleeping          |     1 |     2 |     1 |     1 ||     5
 Armour: Robe              |    17 |    46 |    70 |    53 ||   186
  Dodge: Dodged            |    52 |    66 |   118 |   151 ||   387
